 Dungeon Crawl Stone Soup version 0.19-a0-1841-gf1e0166 (webtiles) character file.

142 Proteus the Covert (level 5, -13/25 HPs)
             Began as a Spriggan Assassin on Oct 9, 2016.
             Was a Follower of Trog.
             Killed by divine providence
             ... invoked by an orc priest
              (15 damage)
             ... on level 4 of the Dungeon.
             The game lasted 00:11:18 (3686 turns).

Proteus the Covert (Spriggan Assassin)              Turns: 3686, Time: 00:11:19

Health: -13/25     AC:  8    Str:  7    XL:     5   Next: 3%
Magic:  6/6        EV: 17    Int: 12    God:    Trog [*.....]
Gold:   90         SH:  0    Dex: 19    Spells: 0 memorised, 4 levels left

rFire  . . .     SeeInvis +     a - +2 dagger
rCold  . . .     Gourm    .     c - +0 robe
rNeg   . . .     Faith    .     (shield restricted)
rPois  .         Spirit   .     (helmet restricted)
rElec  .         Dismiss  .     d - +1 cloak
rCorr  .         Reflect  .     (gloves unavailable)
MR     .....     Harm     .     (boots unavailable)
Stlth  +++++.....               o - amulet of magic regeneration
                                (no ring)
                                u - +4 ring of protection

@: very quick
A: unfitting armour, see invisible, herbivore 3, speed 3, slow metabolism 2
a: Berserk, Burn Spellbooks, Renounce Religion


You were on level 4 of the Dungeon.
You worshipped Trog.
Trog was aware of your devotion.
You were hungry.

You visited 1 branch of the dungeon, and saw 4 of its levels.

You collected 90 gold pieces.

Inventory:

Hand Weapons
 a - a +2 dagger (weapon)
 b - a +0 blowgun
Missiles
 e - 35 poisoned needles
 f - 2 curare-tipped needles
 j - a needle of confusion
Armour
 c - a +0 robe (worn)
 d - a +1 cloak (worn)
Jewellery
 o - an amulet of magic regeneration (around neck)
 u - a +4 ring of protection (left hand)
Scrolls
 k - a scroll of remove curse
Potions
 h - a potion of lignification {unknown}
 i - a potion of heal wounds {unknown}
 l - a potion of degeneration {unknown}
 n - 3 potions of resistance
 s - 2 potions of might {unknown}
 t - a potion of mutation {unknown}
 x - a potion of ambrosia {unknown}
Comestibles
 g - 3 bread rations
 m - 2 fruits
 z - a slice of pizza


   Skills:
 - Level 1.5 Fighting
 - Level 2.1 Short Blades
 - Level 2.0 Throwing
 - Level 1.5 Dodging
 + Level 9.7 Stealth


You had 4 spell levels left.
You didn't know any spells.

Dungeon Overview and Level Annotations

Branches:
Dungeon (4/15)
 Temple: D:4-7

Altars:
Ashenzari
Qazlal
Ru
Sif Muna
Trog
Uskayaw


Innate Abilities, Weirdness & Mutations

You are very small and have problems with some larger weapons.
You are too small for most types of armour.
You have supernaturally acute eyesight. (SInv)
You are a herbivore.
You cover ground extremely quickly.
You need consume almost no food.


Message History

The orc priest is moderately wounded.
The orc priest hits you but does no damage.
The orc completely misses you. The orc barely misses you.
You hit the orc priest but do no damage.
The orc priest is moderately wounded.
The orc priest closely misses you.
You hit the orc priest but do no damage.
The orc priest is moderately wounded.
The orc misses you. x2
You hit the orc priest.
The orc priest is moderately wounded.
The orc priest misses you. The orc barely misses you.
The orc hits you with a trident!
* * * LOW HITPOINT WARNING * * *
You hit the orc priest.
The orc priest is heavily wounded.
The orc priest invokes the aid of Beogh against you.
Beogh smites you!
Ouch! That really hurt!
You die...

##############
#............#
#.##########.# #.# #.#
#.# ######.#### #.#
#.........#
##.#####.####.##.#
.........# #.##.#
...####### #.##@# ##.#
#.#oooh...#
#.##########.#.o####.#
##............#..#
#.....#########..#
#..##.# ...#
#.<##.######.###..
.............# ###
.#####.#######


You could see a hound, an orc priest and 3 orcs.

Vanquished Creatures
  An orc wizard (D:3)
  2 adders (D:2)
  2 oozes
  3 worms
  2 leopard geckos
  13 orcs
  10 bats
  3 giant cockroaches
  7 goblins
  4 hobgoblins
  2 quokkas
  2 frilled lizards (D:1)
  9 kobolds
  4 rats
64 creatures vanquished.

Notes
Turn   | Place    | Note
-------+----------+-------------------------------------------
     0 | D:1      | Proteus the Spriggan Assassin began the quest for the Orb.
     0 | D:1      | Reached XP level 1. HP: 10/10 MP: 2/2
    58 | D:1      | Reached skill level 6 in Stealth
   313 | D:1      | Reached XP level 2. HP: 14/14 MP: 3/3
   552 | D:1      | Found a shattered altar of Ashenzari.
   564 | D:1      | Reached skill level 7 in Stealth
  1443 | D:2      | Reached XP level 3. HP: 6/18 MP: 4/4
  1850 | D:2      | Found a hide-covered altar of Uskayaw.
  1850 | D:2      | Noticed a hand axe
  1851 | D:2      | Noticed a dagger
  1873 | D:2      | Reached skill level 8 in Stealth
  1974 | D:2      | Found a bloodstained altar of Trog.
  1983 | D:2      | Became a worshipper of Trog the Wrathful
  2654 | D:3      | Reached XP level 4. HP: 22/22 MP: 5/5
  2847 | D:3      | Reached * piety under Trog
  2971 | D:3      | Found a sacrificial altar of Ru.
  2971 | D:3      | Found a deep blue altar of Sif Muna.
  3041 | D:3      | Found a stormy altar of Qazlal.
  3117 | D:3      | Reached skill level 9 in Stealth
  3454 | D:3      | Reached XP level 5. HP: 20/25 MP: 6/6
  3686 | D:4      | Killed from afar by an orc priest

Vault maps used:
D:1:      ncdulo_smallfort, ashenzari_altar_1
D:2:      lemuel_doored_altar, dancing_weapons_uskayaw
D:3:      gammafunk_temple_overflow_elements, nicolae_qazlal_eye_of_the_storm,
          minivault_11
D:4:      regret_index_temple_of_mockery, nicolae_overflow_hidden_temple,
          first_bread, serial_shops, shop, enter_ossuary_3, hex_large,
          uniq_eustachio, uniq_menkaure, uniq_natasha

Skill      XL: |  1  2  3  4 |
---------------+-------------+-----
Stealth        | 6 7 8 9 |  9.7
Fighting       | |  1.5
Short Blades   | |  2.1
Throwing       | |  2.0
Dodging        | |  1.5

Action                   |  1- 3 |  4- 6 || total
-------------------------+-------+-------++-------
Melee: Dagger            |    97 |   110 ||   207
 Fire: Blowgun           |     3 |     4 ||     7
  Use: Scroll            |     7 |     1 ||     8
 Stab: Sleeping          |    21 |     5 ||    26
       Distracted        |       |     1 ||     1
Armor: Robe              |    10 |    22 ||    32
Dodge: Dodged            |    55 |    64 ||   119
